 Dungeon Crawl Stone Soup version 0.31-a0-175-g9f7f995f2b (webtiles) character file.

Game seed: 17104035874704761726

376 qw the Shooter (level 6, -1/38 HPs)
             Began as a Gargoyle Hunter on June 16, 2023.
             Slain by a kobold
             ... wielding a +0 whip
              (2 damage)
             ... on level 4 of the Dungeon.
             The game lasted 00:02:03 (3061 turns).

qw the Shooter (Gargoyle Hunter)                    Turns: 3061, Time: 00:02:03

Health: -1/38      AC:  9    Str: 12 (14) XL:     6   Next: 73%
Magic:  0/6        EV: 10    Int:  8 (10) God:
Gold:   206        SH:  0    Dex: 15      Spells: 5/5 levels left

rFire   . . .        Y - +3 shortbow
rCold   . . .        (shield currently unavailable)
rNeg    + + .        m - +0 ring mail
rPois   inf          (no helmet)
rElec   +            (no cloak)
rCorr   .            (no gloves)
SInv    .            (no boots)
Will    .....        f - amulet of guardian spirit
Stlth   +            k - ring of positive energy
HPRegen 0.26/turn    (no ring)
MPRegen 0.10/turn

%: guardian spirit
@: about to teleport
A: sickness immunity, AC +4, negative energy resistance 1, electricity
resistance, torment resistance 1, petrification resistance
a: no special abilities


You were on level 4 of the Dungeon.
You visited 1 branch of the dungeon, and saw 4 of its levels.
You also visited: Sewer.

You collected 206 gold pieces.


Innate Abilities, Weirdness & Mutations

You are immune to sickness and miasma.
Your stone body is resilient. (AC +4)
You are immune to poison.
You resist negative energy. (rN+)
You are resistant to electric shocks. (rElec)
You are resistant to unholy torment.
You are immune to petrification.


   Skills:
 - Level 4.0 Fighting
 + Level 7.0 Ranged Weapons
 - Level 1.0 Armour
 - Level 1.5 Dodging
 - Level 1.1 Stealth


You had 5 spell levels left.
You didn't know any spells.
Your spell library was empty.

Inventory:

Hand Weapons
 Y - a +3 shortbow (weapon)
Armour
 m - a +0 ring mail (worn)
Jewellery
 c - a ring of fire
 f - an amulet of guardian spirit (around neck)
 k - a ring of positive energy (left hand)
Scrolls
 a - 2 scrolls of teleportation
 g - a scroll of enchant armour
 l - 2 scrolls of identify
Potions
 d - a potion of haste
 e - a potion of lignification
 h - 2 potions of mutation
 i - a potion of might {unknown}
 n - a potion of heal wounds {unknown}
 o - a potion of berserk rage {unknown}
 p - a potion of attraction

Dungeon Overview and Level Annotations

Branches:
Dungeon (4/15)              Sewer (visited)
 Temple: D:4-7

Altars:

Shops:
D:1 :

Annotations:
D:3 1 runed translucent door, Crazy Yiuf


Message History

A gnoll comes into view. It is wielding a +0 spear.
The gnoll hits you but does no damage.
You shoot an arrow. The arrow hits the gnoll!
The gnoll is severely wounded.
The gnoll completely misses you. The gnoll sergeant closely misses you.
You shoot an arrow.
The arrow hits the gnoll but does no damage.
The gnoll is severely wounded.
The gnoll hits you with a +0 club. The gnoll barely misses you.
The gnoll sergeant hits you from afar with a +0 trident!
You shoot an arrow.
The arrow hits the gnoll but does no damage.
The gnoll is severely wounded.
The gnoll hits you with a +0 club. The kobold barely misses you.
The gnoll hits you with a +0 club. The gnoll sergeant barely misses you.
You shoot an arrow.
The arrow hits the gnoll but does no damage.
The gnoll is severely wounded.
The gnoll barely misses you.
The gnoll sergeant hits you from afar with a +0 trident!
The kobold hits you but does no damage. The gnoll closely misses you.
You shoot an arrow. The arrow barely misses the gnoll.
The gnoll hits you but does no damage. The kobold hits you but does no damage.
The gnoll sergeant barely misses you. The gnoll hits you with a +0 club!
3059 ||| READING 3 scrolls of teleportation.
As you read the scroll of teleportation, it crumbles to dust.
You feel strangely unstable. The gnoll closely misses you.
The gnoll barely misses you. The kobold hits you but does no damage.
The gnoll sergeant barely misses you.
You shoot an arrow.
The arrow hits the gnoll but does no damage.
The gnoll is severely wounded.
The gnoll hits you with a +0 club. The kobold closely misses you.
The gnoll hits you from afar with a +0 spear.
The gnoll sergeant barely misses you. The gnoll hits you with a +0 club.
You shoot an arrow. The arrow barely misses the gnoll.
The gnoll barely misses you.
The gnoll sergeant hits you but does no damage.
The gnoll hits you but does no damage. The kobold hits you with a +0 whip.
You die...

.. ........ .#.
#...... . # ..
...... .P ..
#..#.... ...
#..#..#... ....
.......#gg#..#.#
.....#..Kg.......
........g@#
.....#.##.#
....... #.#
.....#.##.#####.#
................#
#..#....#######
#..### #..######
#.......# ###


You could see a gnoll sergeant, 3 gnolls and a kobold.

Vanquished Creatures
  A phantom (D:3)
  2 orc priests (D:2)
  An orc wizard (D:4)
  10 adders
  A gnoll (D:4)
  2 river rats (Sewer)
  2 worms
  2 dart slugs
  5 orcs (D:2)
  6 ball pythons
  5 bats
  14 endoplasms
  7 giant cockroaches
  2 goblins (D:3)
  4 hobgoblins
  9 quokkas
  8 frilled lizards
  A kobold (D:2)
  13 rats
95 creatures vanquished.

Notes
Turn   | Place    | Note
-------+----------+-------------------------------------------
     0 | D:1      | qw the Gargoyle Hunter began the quest for the Orb.
     0 | D:1      | Reached XP level 1. HP: 12/12 MP: 1/1
     0 | D:1      | 0 ||| qw: Version: 0.2-a-29-g511e9b1
     0 | D:1      | 0 ||| qw: Game counter: 5937
     0 | D:1      | 0 ||| qw: Always use a shield: true
     0 | D:1      | 0 ||| qw: God list: Okawaru
     0 | D:1      | 0 ||| qw: Allow faded altars: false
     0 | D:1      | 0 ||| qw: Do Orc after D:15 true
     0 | D:1      | 0 ||| qw: Do second Lair branch before Depths: true
     0 | D:1      | 0 ||| qw: Lair rune preference: random
     0 | D:1      | 0 ||| qw: Plans: Normal, Zot:1-4, Slime:5, God:TSO, Crypt,
                  | Tomb, Abyss, Pan, Hells, Win
     0 | D:1      | 0 ||| PLANNING D:1-11
   183 | D:1      | 183 ||| UPGRADING to amulet of guardian spirit.
   188 | D:1      | 188 ||| READING scroll labelled MOMEME KUEGRI.
   189 | D:1      | 189 ||| DROPPING scroll of butterflies.
   194 | D:2      | 194 ||| STAIRDANCE
   198 | D:2      | 198 ||| STAIRDANCE
   202 | D:2      | 202 ||| STAIRDANCE
   206 | D:2      | 206 ||| STAIRDANCE
   210 | D:2      | 210 ||| STAIRDANCE
   214 | D:2      | 214 ||| STAIRDANCE
   218 | D:2      | 218 ||| STAIRDANCE
   222 | D:2      | 222 ||| STAIRDANCE
   226 | D:2      | 226 ||| STAIRDANCE
   230 | D:2      | 230 ||| STAIRDANCE
   234 | D:2      | 234 ||| STAIRDANCE
   238 | D:2      | 238 ||| STAIRDANCE
   242 | D:2      | 242 ||| STAIRDANCE
   246 | D:2      | 246 ||| STAIRDANCE
   250 | D:2      | 250 ||| STAIRDANCE
   254 | D:2      | 254 ||| STAIRDANCE
   258 | D:2      | 258 ||| STAIRDANCE
   262 | D:2      | 262 ||| STAIRDANCE
   266 | D:2      | 266 ||| STAIRDANCE
   270 | D:2      | 270 ||| STAIRDANCE
   275 | D:2      | 275 ||| FLEEEEING.
   277 | D:2      | 277 ||| FLEEEEING.
   281 | D:2      | 281 ||| FLEEEEING.
   292 | D:2      | 292 ||| FLEEEEING.
   293 | D:2      | 293 ||| FLEEEEING.
   298 | D:1      | Found Piasch's Book Shop.
   307 | D:1      | Reached XP level 2. HP: 6/17 MP: 0/2
   923 | D:1      | 923 ||| READING 2 scrolls labelled DEOPNE OGIMM.
   926 | D:1      | 926 ||| READING scroll labelled SUMAMA ATISS.
   927 | D:1      | 927 ||| READING scroll labelled VIXAUC IXUTU.
   928 | D:1      | 928 ||| DRINKING 2 sedimented green potions.
   996 | D:2      | Reached XP level 3. HP: 18/21 MP: 3/3
   996 | D:2      | 996 ||| FLEEEEING.
   998 | D:2      | 998 ||| FLEEEEING.
   999 | D:2      | 999 ||| FLEEEEING.
  1000 | D:2      | 1000 ||| FLEEEEING.
  1002 | D:2      | Reached skill level 5 in Ranged Weapons
  1133 | D:2      | 1133 ||| FLEEEEING.
  1135 | D:2      | 1135 ||| FLEEEEING.
  1136 | D:2      | 1136 ||| FLEEEEING.
  1137 | D:2      | 1137 ||| FLEEEEING.
  1138 | D:2      | 1138 ||| FLEEEEING.
  1139 | D:2      | 1139 ||| FLEEEEING.
  1142 | D:2      | Reached skill level 3 in Fighting
  1142 | D:2      | Reached XP level 4. HP: 23/28 MP: 2/4
  1258 | D:2      | 1258 ||| FLEEEEING.
  1259 | D:2      | 1259 ||| FLEEEEING.
  1260 | D:2      | 1260 ||| FLEEEEING.
  1261 | D:2      | 1261 ||| FLEEEEING.
  1262 | D:2      | 1262 ||| FLEEEEING.
  1355 | D:2      | Reached XP level 5. HP: 32/32 MP: 5/5
  1474 | D:2      | 1474 ||| UPGRADING to +0 ring mail.
  1484 | D:2      | 1484 ||| DROPPING +0 leather armour.
  1485 | D:2      | 1485 ||| UPGRADING to ring of positive energy.
  1486 | D:2      | 1486 ||| READING scroll labelled EDOYWEHIOBU.
  1487 | D:2      | 1487 ||| READING scroll labelled JUILUXZ PI BOI.
  1538 | D:3      | 1538 ||| PLANNING SEWER
  1582 | D:3      | 1582 ||| READING scroll of enchant weapon.
  1582 | D:3      | 1582 ||| ENCHANTING +1 shortbow.
  1645 | D:3      | Reached skill level 1 in Armour
  1789 | D:3      | Reached skill level 6 in Ranged Weapons
  1834 | D:3      | 1834 ||| Stepping ~*~*~tactically~*~*~ (water).
  1850 | D:3      | Found a glowing drain.
  1855 | D:3      | 1855 ||| READING scroll labelled CUTZIGESKIE.
  1858 | D:3      | 1858 ||| Stepping ~*~*~tactically~*~*~ (water).
  1860 | D:3      | 1860 ||| Stepping ~*~*~tactically~*~*~ (water).
  1862 | D:3      | 1862 ||| Stepping ~*~*~tactically~*~*~ (water).
  1864 | D:3      | 1864 ||| Stepping ~*~*~tactically~*~*~ (water).
  1866 | D:3      | 1866 ||| Stepping ~*~*~tactically~*~*~ (water).
  1868 | D:3      | 1868 ||| Stepping ~*~*~tactically~*~*~ (water).
  1874 | D:3      | 1874 ||| Stepping ~*~*~tactically~*~*~ (water).
  1881 | Sewer    | Entered a sewer
  1899 | Sewer    | 1899 ||| Stepping ~*~*~tactically~*~*~ (water).
  1918 | Sewer    | 1918 ||| Stepping ~*~*~tactically~*~*~ (water).
  1941 | Sewer    | 1941 ||| READING scroll of enchant weapon.
  1941 | Sewer    | 1941 ||| ENCHANTING +2 shortbow.
  2067 | Sewer    | Reached XP level 6. HP: 27/38 MP: 6/6
  2189 | Sewer    | 2189 ||| Stepping ~*~*~tactically~*~*~ (water).
  2224 | Sewer    | 2224 ||| DRINKING 2 green potions.
  2225 | Sewer    | 2225 ||| DRINKING 3 metallic orange potions.
  2226 | Sewer    | 2226 ||| DRINKING 2 silvery potions.
  2227 | Sewer    | 2227 ||| READING 3 scrolls of identify.
  2227 | Sewer    | 2227 ||| IDENTIFYING glowing yellow potion
  2228 | Sewer    | 2228 ||| READING 2 scrolls of identify.
  2228 | Sewer    | 2228 ||| IDENTIFYING sedimented purple potion
  2229 | Sewer    | 2229 ||| DROPPING 2 potions of degeneration.
  2233 | D:3      | 2233 ||| PLANNING D:1-11
  2308 | D:3      | Found a runed translucent door.
  2309 | D:3      | Noticed Crazy Yiuf
  2879 | D:4      | 2879 ||| DRINKING 2 potions of curing.
  2879 | D:4      | 2879 ||| (to cure confusion)
  2881 | D:4      | 2881 ||| DRINKING potion of curing.
  2881 | D:4      | 2881 ||| (to cure confusion)
  3010 | D:4      | Reached skill level 7 in Ranged Weapons
  3058 | D:4      | HP: 7/38 [gnoll/+0 club[a gnoll sergeant] (8)]
  3059 | D:4      | 3059 ||| READING 3 scrolls of teleportation.
  3060 | D:4      | HP: 2/38 [gnoll/+0 spear[a gnoll sergeant] (3)]
  3061 | D:4      | Slain by a kobold

Levels and vault maps discovered:
D:1:      dpeg_arrival_water_fire, layout_basic, serial_shops, shop, nrook_uturn
D:2:      layout_rooms
D:3:      layout_rooms, gup_sewer_entry_pipe, uniq_crazy_yiuf_cottage
D:4:      layout_basic, gammafunk_temple_overflow_wave, nicolae_grassy_gnolls

Skill      XL: |  1  2  3  4  5  6 |
---------------+-------------------+-----
Ranged Weapons | 5 6 7 |  7.0
Fighting       | 3 4 |  4.0
Armour         | 1 |  1.0
Dodging        | |  1.5
Stealth        | |  1.1

Action                     |  1- 3 |  4- 6 || total
---------------------------+-------+-------++-------
   Fire: Shortbow          |    60 |   228 ||   288
    Use: Scroll            |     4 |     8 ||    12
         Potion            |     1 |     5 ||     6
 Armour: Leather armour    |     5 |     8 ||    13
         Ring mail         |       |    36 ||    36
  Dodge: Dodged            |    14 |    61 ||    75

Table legend:
 A = Non-vault XP
 B = Vault XP
 C = Vault XP percentage of total XP
 D = Non-vault monster count
 E = Vault monster count
 F = Vault count percentage of total count
                 A         B        C        D         E       F
            +---------+---------+-------+---------+---------+-------
      Total |     411 |     127 |  23.6 |      63 |      32 |  33.7
            +---------+---------+-------+---------+---------+-------
        D:1 |      19 |       0 |   0.0 |      12 |       0 |   0.0
        D:2 |     157 |       0 |   0.0 |      23 |       0 |   0.0
        D:3 |     183 |      16 |   8.0 |      19 |       8 |  29.6
        D:4 |      52 |      13 |  20.0 |       9 |       1 |  10.0
      Sewer |       0 |      98 | 100.0 |       0 |      23 | 100.0
            +---------+---------+-------+---------+---------+-------
